 Dungeon Crawl Stone Soup version 0.28.0-49-g6dfe1f597d (webtiles) character file.

Game seed: 867352873042124577

708 Zeld the Shield-Bearer (level 7, -1/66 HPs)
             Began as a Deep Dwarf Fighter on May 16, 2022.
             Slain by an ogre
             ... wielding a +0 giant spiked club
              (29 damage)
             ... on level 5 of the Dungeon.
             The game lasted 00:04:32 (3516 turns).

Zeld the Shield-Bearer (Deep Dwarf Fighter)         Turns: 3516, Time: 00:04:32

Health: -1/66      AC: 10    Str: 22    XL:     7   Next: 40%
Magic:  4/4        EV: 10    Int:  8    God:
Gold:   205        SH:  5    Dex: 12    Spells: 6/6 levels left

rFire   . . .      SeeInvis .   a - +0 war axe
rCold   . . .      Faith    .   q - +0 buckler
rNeg    . . .      Spirit   .   b - +0 scale mail
rPois   .          Reflect  .   (no helmet)
rElec   .          Harm     .   (no cloak)
rCorr   .          Rampage  .   m - +1 pair of gloves
Will    +....                   e - +0 pair of boots
Stlth   ..........              (no amulet)
HPRegen 0.00/turn               (no ring)
MPRegen 0.09/turn               (no ring)

@: no status effects
A: damage resistance, heal wounds, sense surroundings 1, no regeneration
a: Heal Wounds


You were on level 5 of the Dungeon.
You visited 2 branches of the dungeon, and saw 6 of its levels.

You collected 205 gold pieces.

Inventory:

Hand Weapons
 a - a +0 war axe (weapon)
Armour
 b - a +0 scale mail (worn)
 e - a +0 pair of boots (worn)
 m - a +1 pair of gloves (worn)
 q - a +0 buckler (worn)
Scrolls
 c - a scroll of noise {unknown}
 g - 2 scrolls of teleportation {unknown}
 h - a scroll of summoning {unknown}
 i - a scroll of fear {unknown}
 j - a scroll of vulnerability {unknown}
 k - 5 scrolls of identify {unknown}
 n - a scroll of blinking {unknown}
 p - a scroll of torment {unknown}
 r - a scroll of amnesia {unknown}
 s - a scroll of enchant weapon {unknown}
Potions
 d - 3 potions of might
 f - a potion of ambrosia {unknown}
 l - 2 potions of curing {unknown}
 o - a potion of heal wounds {unknown}


   Skills:
 * Level 4.7 Fighting
 * Level 4.8 Axes
 + Level 4.4 Armour
 + Level 2.7 Dodging
 * Level 5.5 Shields


You had 6 spell levels left.
You didn't know any spells.
Your spell library was empty.

Dungeon Overview and Level Annotations

Branches:
Dungeon (5/15)             Temple (1/1) D:5

Altars:
Cheibriados
Elyvilon
Fedhas
Hepliaklqana
Nemelex Xobeh
Sif Muna
Trog
Uskayaw
Vehumet
Yredelemnul
Zin


Innate Abilities, Weirdness & Mutations

You are resistant to damage.
You can heal yourself by infusing magical energy.
You passively map a small area around you.
You do not regenerate.


Message History

Moving in this stuff is going to be slow.
Key pressed, stopping explore.
Partly explored, can't reach some places.
Partly explored, can't reach some places.
Partly explored, can't reach some places.
There is a staircase back to the Dungeon here.
You climb upwards.
Welcome back to the Dungeon!
There is a staircase to the Ecumenical Temple here.
You open the door.
There is an open door here.
You now have 205 gold pieces (gained 13).
An ogre comes into view. It is wielding a +0 giant spiked club.
The ogre shouts!
An ogre is nearby!
You barely miss the ogre. You block the ogre's attack.
You barely miss the ogre. The ogre barely misses you.
You hit the ogre.
The ogre is lightly wounded.
The ogre hits you with a +0 giant spiked club!
You closely miss the ogre.
The ogre is lightly wounded.
The ogre hits you with a +0 giant spiked club!
You are too injured to fight recklessly!
You are too injured to fight recklessly!
You are too injured to fight recklessly!
You barely miss the ogre.
The ogre is lightly wounded.
The ogre barely misses you.
Your magical essence is drained by the effort!
You feel much better.
The ogre hits you with a +0 giant spiked club!
You hit the ogre.
The ogre is lightly wounded.
The ogre hits you with a +0 giant spiked club!
You are too injured to fight recklessly!
You are too injured to fight recklessly!
You closely miss the ogre.
The ogre is lightly wounded.
The ogre hits you with a +0 giant spiked club!!
You die...

#...# ###.##
#..# ##.# #.#
#.# #.# .* #.#
, , * *#@#
#..O....#
#.........#
............#
*
###..........#
#.........##
######.$.#.. ,
,, ..#... ,


You could see an ogre.

Vanquished Creatures
  A water moccasin (D:4)
  An ogre (D:4)
  2 phantoms
  A jelly (D:3)
  An orc priest (D:4)
  A hound (D:4)
  4 orc wizards
  6 gnolls
  4 adders
  A dart slug (D:1)
  10 orcs
  6 ball pythons
  5 bats
  10 endoplasms
  5 giant cockroaches
  6 goblins
  6 hobgoblins
  3 jackals (D:1)
  3 quokkas
  5 frilled lizards
  10 kobolds
  5 rats (D:1)
96 creatures vanquished.

Notes
Turn   | Place    | Note
-------+----------+-------------------------------------------
     0 | D:1      | Zeld the Deep Dwarf Fighter began the quest for the Orb.
     0 | D:1      | Reached XP level 1. HP: 20/20 MP: 1/1
   147 | D:1      | Reached XP level 2. HP: 27/27 MP: 2/2
   439 | D:1      | Reached XP level 3. HP: 31/34 MP: 3/3
   447 | D:1      | Found a faded altar of an unknown god.
   718 | D:2      | Reached XP level 4. HP: 37/42 MP: 4/4
   841 | D:2      | Reached skill level 1 in Dodging
   841 | D:2      | Reached skill level 4 in Shields
  1803 | D:3      | Found a hazy altar of Hepliaklqana.
  2210 | D:3      | Reached XP level 5. HP: 46/50 MP: 5/5
  2212 | D:3      | Found a sparkling altar of Nemelex Xobeh.
  2520 | D:4      | Noticed an ogre
  2723 | D:4      | Noticed a phantom
  2732 | D:4      | Reached XP level 6. HP: 42/57 MP: 5/5
  2769 | D:4      | Noticed a water moccasin
  2785 | D:4      | Killed a water moccasin
  2786 | D:4      | Reached skill level 5 in Shields
  2852 | D:4      | Reached XP level 7. HP: 35/66 MP: 5/5
  3205 | D:5      | Entered Level 5 of the Dungeon
  3271 | D:5      | Found a staircase to the Ecumenical Temple.
  3281 | Temple   | Entered the Ecumenical Temple
  3516 | D:5      | Slain by an ogre

Illustrated notes

Levels and vault maps discovered:
D:1:      minmay_arrival_radiant_lines, layout_basic,
          ebering_ecumenical_altar_abandoned, amethyst_killhole
D:2:      layout_loops_cross, minivault_5
D:3:      layout_loops_ring, nemelex_dance_club_becter,
          nicolae_hepliaklqana_hippocampus, serial_aquarium,
          aquarium_bridge_square [aquarium_subvault_wall,
          aquarium_subvault_bridge, aquarium_subvault_bridge,
          aquarium_subvault_window], aquarium_bridge_long_joined
          [aquarium_subvault_bridge, aquarium_subvault_window,
          aquarium_subvault_wall, aquarium_subvault_bridge,
          aquarium_subvault_bridge, aquarium_subvault_bridge],
          aquarium_window_1, aquarium_window_fake, aquarium_window_fake,
          aquarium_window_1, aquarium_view_2d, aquarium_view_2e, aquarium_pool_1
D:4:      layout_loops_ring, minmay_misc_feat_more_columns,
          hangedman_abyss_or_decor_stabs
D:5:      minmay_goblin_kobold_castle, layout_rooms, temple_green,
          minmay_misc_feat_chi, minmay_fractal_squares_gapless_5
Temple:   jpeg_temple_island

Skill      XL: |  1  2  3  4  5  6 |
---------------+-------------------+-----
Fighting       | 3 4 |  4.7
Axes           | 3 4 |  4.8
Dodging        | 1 2 |  2.7
Shields        | 4 5 |  5.5
Armour         | 4 |  4.4

Action                   |  1- 3 |  4- 6 |  7- 9 || total
-------------------------+-------+-------+-------++-------
Melee: War axe           |    66 |   159 |    38 ||   263
 Abil: Heal Wounds       |     1 |     4 |     2 ||     7
Armor: Scale mail        |    29 |    98 |    10 ||   137
Dodge: Dodged            |    30 |    61 |     9 ||   100
Block: Buckler           |    15 |    43 |     9 ||    67
